 Dungeon Crawl Stone Soup version 0.19.4-10-g532645f (webtiles) character file.

971 Kosschaser the Sneak (level 8, -4/47 HPs)
             Began as a Kobold Hunter on Feb 23, 2017.
             Was an Initiate of Dithmenos.
             Slain by a gnoll
             ... wielding a +0 flail
              (6 damage)
             ... on level 4 of the Dungeon.
             The game lasted 00:22:39 (4107 turns).

Kosschaser the Sneak (Kobold Hunter)                Turns: 4107, Time: 00:22:40

Health: -4/47      AC:  4    Str: 10    XL:     8   Next: 39%
Magic:  8/8        EV: 16    Int: 12    God:    Dithmenos [......]
Gold:   271        SH:  0    Dex: 17    Spells: 0 memorised, 7 levels left

rFire  . . .     SeeInvis .     l - +2 dagger (venom)
rCold  . . .     Gourm    .     c - +0 leather armour
rNeg   . . .     Faith    .     (shield restricted)
rPois  .         Spirit   .     x - +0 helmet
rElec  .         Reflect  .     (no cloak)
rCorr  .         Harm     .     (no gloves)
MR     +....                    (no boots)
Stlth  ++++......               (no amulet)
                                n - ring of protection from magic
                                (no ring)

@: no status effects
A: carnivore 3
a: Renounce Religion


You were on level 4 of the Dungeon.
You worshipped Dithmenos.
Dithmenos was noncommittal.
You were full.

You visited 2 branches of the dungeon, and saw 6 of its levels.

You collected 271 gold pieces.

Inventory:

Hand Weapons
 a - a +1 hand crossbow
 l - a +2 dagger of venom (weapon)
Missiles
 d - 13 bolts
Armour
 c - a +0 leather armour (worn)
 x - a +0 helmet (worn)
Jewellery
 h - an uncursed ring of see invisible
 n - a ring of protection from magic (right hand)
 p - an uncursed ring of flight
 r - an uncursed ring of wizardry {unknown}
Wands
 t - a wand of lightning (7/15)
Scrolls
 b - 3 scrolls of recharging {unknown}
 e - 6 scrolls of identify {unknown}
 g - 5 scrolls of remove curse
 i - 2 scrolls of fog {unknown}
 m - a scroll of fear {unknown}
 o - a scroll of noise {unknown}
 q - 2 scrolls of random uselessness {unknown}
 u - a scroll of teleportation {unknown}
Potions
 j - 3 potions of cure mutation {unknown}
 k - 4 potions of lignification
 v - 2 potions of mutation {unknown}
 w - a potion of brilliance {unknown}
 z - a potion of might {unknown}
 A - a potion of heal wounds {unknown}
Comestibles
 f - 3 meat rations
 s - a beef jerky


   Skills:
 + Level 3.6 Fighting
 + Level 4.4 Short Blades
 + Level 7.0 Crossbows
 + Level 2.5 Armour
 + Level 3.9 Dodging
 * Level 7.4 Stealth


You had 7 spell levels left.
You didn't know any spells.

Dungeon Overview and Level Annotations

Branches:
Dungeon (5/15)             Temple (1/1) D:5

Altars:
Ashenzari
Dithmenos
Elyvilon
Gozag
Kikubaaqudgha
Makhleb
Okawaru
Ru
Sif Muna
Trog
Xom
Yredelemnul
Zin
The Shining One


Innate Abilities, Weirdness & Mutations

You are small and have problems with some larger weapons.
You are carnivorous and can eat meat at any time.


Message History

You see here a bolt.
Okay, then.
The gnoll sergeant misses you. The gnoll sergeant barely misses you.
The gnoll shouts! x2
There is a stone staircase leading up here.
The gnoll barely misses you.
The gnoll sergeant hits you from afar with a spear of flaming.
* * * LOW HITPOINT WARNING * * *
The gnoll sergeant burns you.
* * * LOW HITPOINT WARNING * * *
You climb upwards.
There is a stone staircase leading down here.
Wield which item (- for none, * to show all)? (? for menu, Esc to quit)
Your +2 dagger of venom begins to drip with poison!
l - a +2 dagger of venom (weapon)
The gnoll hits you with a flail!
* * * LOW HITPOINT WARNING * * *
The gnoll hits you with a flail.
You die...

###.....########...##.......#
##.................##...[.....
#..##...#....####<###.........
#.###..>..#..####.# #.........
#.....>#####......###.<.......
#.###### #####...##.........
### ###...##....<..[
##########...#.#....[..##
#.....>g@..##..).##..###
#.........###.)..##..####
#...........[)##.........
#........#######.........
#######......<.# #.[.#.....##
#..............# ##[###.....##
##.###.........# #[.#.......#
#....##...########.##.#.....#
####.............[[##.#.....#


You could see a gnoll.

Vanquished Creatures
  An ice beast (D:5)
  3 ogres (D:5)
  A centaur zombie (D:5)
  A quasit (D:4)
  A bullfrog zombie (D:5)
  3 hounds
  3 jellies (D:5)
  2 orc priests (D:4)
  2 iguanas (D:4)
  2 orc wizards (D:4)
  2 worker ants
  7 adders
  A worm (D:2)
  3 dart slugs
  A leopard gecko (D:1)
  9 orcs (D:4)
  2 giant cockroaches
  8 hobgoblins
  5 jackals
  7 kobolds
  10 bats
  3 frilled lizards (D:1)
  4 goblins
  A quokka skeleton (D:5)
  6 rats
88 creatures vanquished.

Notes
Turn   | Place    | Note
-------+----------+-------------------------------------------
     0 | D:1      | Kosschaser the Kobold Hunter began the quest for the Orb.
     0 | D:1      | Reached XP level 1. HP: 12/12 MP: 1/1
    50 | D:1      | Reached skill level 5 in Crossbows
   226 | D:1      | Reached XP level 2. HP: 16/18 MP: 2/2
   645 | D:2      | Reached XP level 3. HP: 22/22 MP: 3/3
  1054 | D:2      | Reached XP level 4. HP: 25/27 MP: 4/4
  1244 | D:2      | Reached skill level 1 in Short Blades
  1269 | D:3      | Found a faded altar of an unknown god.
  1626 | D:3      | Found a bloodstained altar of Trog.
  2013 | D:4      | Reached skill level 1 in Armour
  2013 | D:4      | Reached XP level 5. HP: 15/31 MP: 5/5
  2217 | D:4      | HP: 1/31 [poisoned by an adder]
  2234 | D:4      | Reached XP level 6. HP: 7/36 MP: 6/6
  2702 | D:4      | Noticed a phantom
  2787 | D:4      | Reached skill level 5 in Stealth
  2913 | D:4      | Reached XP level 7. HP: 39/40 MP: 7/7
  3125 | D:5      | Entered Level 5 of the Dungeon
  3265 | D:5      | Found a staircase to the Ecumenical Temple.
  3271 | Temple   | Entered the Ecumenical Temple
  3274 | Temple   | Became a worshipper of Dithmenos the Shadowed
  3387 | D:5      | Reached XP level 8. HP: 23/46 MP: 8/8
  4105 | D:4      | HP: 2/47 [gnoll/flail (8)]
  4107 | D:4      | Slain by a gnoll

Skill      XL: |  1  2  3  4  5  6  7  8 |
---------------+-------------------------+-----
Crossbows      | 5 6 7 |  7.0
Stealth        | 2 3 4 5 6 7 |  7.4
Short Blades   | 1 2 3 4 |  4.4
Armour         | 1 2 |  2.5
Dodging        | 3 |  3.9
Fighting       | 3 |  3.6

Action                   |  1- 3 |  4- 6 |  7- 9 || total
-------------------------+-------+-------+-------++-------
Melee: Short sword       |    33 |       |       ||    33
       Dagger            |    28 |    88 |    44 ||   160
 Fire: Hand crossbow     |    29 |    37 |    37 ||   103
  Use: Scroll            |       |     1 |       ||     1
       Potion            |       |     2 |       ||     2
 Stab: Sleeping          |       |     5 |     3 ||     8
  Eat: Chunk             |       |    13 |     1 ||    14
Armor: Leather armour    |    23 |    11 |     5 ||    39
       Skin              |       |     7 |       ||     7
Dodge: Dodged            |    86 |    50 |    37 ||   173
